[Event "Titled Tuesday Blitz April 4 Early 2023"]
[White "Andreikin, Dmitry"]
[Black "Gurel, Ediz"]
[WhiteFideId "4158814"]
[BlackFideId "44507356"]
[WhiteElo "2736"]
[BlackElo "2352"]
[Result "1-0"]
[Round "08"]
[TimeControl "180+2"]
[Date "2023.04.04"]
[WhiteClock "0:00:28"]
[BlackClock "0:00:03"]

1. Nf3 Nf6 2. c4 e6 3. g3 d5 4. Bg2 Be7 5. O-O O-O 6. d4 dxc4 7. Qc2 a6 8. a4 Bd7 9. Qxc4 Bc6 10. Bf4 Nbd7 11. Qc1 Bd6 12. Nc3 Ne4 13. Rd1 Qe7 14. a5 Rad8 15. Nxe4 Bxe4 16. Bg5 f6 17. Bf4 Kh8 18. Ne1 Bxg2 19. Nxg2 e5 20. dxe5 Nxe5 21. Ne3 Qe6 22. Qc2 c6 23. Bxe5 Bxe5 24. Nc4 Bc7 25. e3 Rd5 26. Rxd5 cxd5 27. Nd2 Be5 28. Nf3 Qg4 29. Kg2 Qc4 30. Qxc4 dxc4 31. Nxe5 fxe5 32. Rc1 Rc8 33. Kf3 Rc5 34. b4 Rc6 35. Rc3 Kg8 36. Ke4 Kf7 37. Kxe5 Ke7 38. f4 Rd6 39. Rxc4 Re6+ 40. Kd4 Rd6+ 41. Kc3 1-0


[Site "https://www.chess.com"]

[Event "Titled Tuesday Blitz April 4 Early 2023"]
[White "Indjic, Aleksandar"]
[Black "Svane, Rasmus"]
[WhiteFideId "911925"]
[BlackFideId "4657101"]
[WhiteElo "2614"]
[BlackElo "2597"]
[Result "1/2-1/2"]
[Round "08"]
[TimeControl "180+2"]
[Date "2023.04.04"]
[WhiteClock "0:00:17"]
[BlackClock "0:00:04"]

1. d4 Nf6 2. c4 e6 3. Nc3 Bb4 4. e3 O-O 5. Bd3 d5 6. a3 Bxc3+ 7. bxc3 dxc4 8. Bxc4 c5 9. Bd3 Qc7 10. Bb2 Nc6 11. Nf3 e5 12. Nxe5 Nxe5 13. dxe5 Qxe5 14. Qe2 b6 15. O-O Bb7 16. c4 Qe7 17. Rad1 Rad8 18. f3 Rfe8 19. e4 Nd7 20. Bc2 f5 21. e5 g6 22. Qe3 Nf8 23. Bb3 Ne6 24. Rd5 b5 25. Rxd8 Rxd8 26. cxb5 Bd5 27. Rd1 Bxb3 28. Qxb3 Rxd1+ 29. Qxd1 Kf7 30. Qd5 Qc7 31. Bc3 Ke7 32. Kf1 Qb6 33. a4 a6 34. Qd6+ Qxd6 35. exd6+ Kxd6 36. bxa6 Kc6 37. Ke2 Nc7 38. a7 Kb7 39. Kd3 Nd5 40. Bd2 Nb6 41. a5 Nd7 42. Kc4 Kxa7 43. Kb5 Ne5 44. Bc3 Nd3 45. g3 f4 46. g4 h5 47. gxh5 gxh5 48. Kc4 Nc1 49. Kxc5 Ne2 50. Be5 Ng1 51. Bxf4 Nxf3 52. Kb5 Nxh2 53. Bxh2 Ka8 54. a6 h4 55. Kb6 h3 56. a7 1/2-1/2


[Site "https://www.chess.com"]

[Event "Titled Tuesday Blitz April 4 Early 2023"]
[White "Corrales Jimenez, Fidel"]
[Black "Hakobyan, Aram"]
[WhiteFideId "3506690"]
[BlackFideId "13306677"]
[WhiteElo "2541"]
[BlackElo "2584"]
[Result "0-1"]
[Round "08"]
[TimeControl "180+2"]
[Date "2023.04.04"]
[WhiteClock "0:01:23"]
[BlackClock "0:00:47"]

1. e4 c5 2. d4 cxd4 3. c3 d3 4. Bxd3 Nc6 5. f4 g6 6. Nf3 Bg7 7. Be3 d6 8. Nbd2 Nf6 9. O-O Ng4 10. Qe1 O-O 11. Kh1 Nxe3 12. Qxe3 Bd7 13. Rad1 Qb6 14. Qxb6 axb6 15. a3 Na5 16. e5 dxe5 17. fxe5 Ba4 18. Rde1 Rad8 19. Be2 Bh6 20. Nc4 Nxc4 21. Bxc4 Bc6 22. Nd4 Bd5 23. Bxd5 Rxd5 24. g3 Bg7 25. Nf3 h6 26. Re4 Rfd8 27. Kg2 e6 28. Rb4 b5 29. Re1 Bf8 30. Rbe4 g5 31. h4 Be7 32. hxg5 hxg5 33. Kh3 Kg7 34. Kg4 Kg6 35. Rh1 Rd3 36. Re2 Rc8 37. Reh2 Rc4+ 38. Nd4 Bf8 39. Rf2 Bg7 40. Rhf1 Bxe5 41. Rf3 f5+ 42. Kh3 g4+ 43. Kg2 gxf3+ 44. Nxf3 Bf6 45. Re1 Rc6 46. Re2 Rd5 47. Ng1 e5 48. Nh3 Rcd6 49. Nf2 Rd2 50. Re1 e4 51. g4 Rxf2+ 52. Kh3 Rd3+ 0-1


[Site "https://www.chess.com"]

[Event "Titled Tuesday Blitz April 4 Early 2023"]
[White "Korobov, Anton"]
[Black "Alekseenko, Kirill"]
[WhiteFideId "14105730"]
[BlackFideId "4135539"]
[WhiteElo "2638"]
[BlackElo "2683"]
[Result "1-0"]
[Round "08"]
[TimeControl "180+2"]
[Date "2023.04.04"]
[WhiteClock "0:00:38"]
[BlackClock "0:00:24"]

1. d4 d5 2. Nf3 Nf6 3. e3 Bg4 4. c4 dxc4 5. Bxc4 e6 6. h3 Bh5 7. g4 Bg6 8. Ne5 Be4 9. f3 Bxb1 10. Rxb1 Nfd7 11. Qb3 Nb6 12. Nxf7 Qh4+ 13. Ke2 Kxf7 14. Bxe6+ Ke8 15. e4 Be7 16. Be3 Rf8 17. Rbc1 c6 18. d5 Qg3 19. Rhf1 Qe5 20. Bf5 g6 21. f4 Qd6 22. Be6 cxd5 23. exd5 N8d7 24. Rc3 Bf6 25. Rc2 Ke7 26. Rfc1 Rfe8 27. Rc7 Kf8 28. Kf3 Re7 29. Rxb7 Rae8 30. Rc6 Rxe6 31. Rxd6 Rxe3+ 32. Qxe3 Rxe3+ 33. Kxe3 Nc4+ 34. Kd3 1-0


[Site "https://www.chess.com"]

[Event "Titled Tuesday Blitz April 4 Early 2023"]
[White "Martinez Alcantara, Jose Eduardo"]
[Black "Bachmann, Axel"]
[WhiteFideId "3805662"]
[BlackFideId "3700488"]
[WhiteElo "2711"]
[BlackElo "2605"]
[Result "1-0"]
[Round "08"]
[TimeControl "180+2"]
[Date "2023.04.04"]
[WhiteClock "0:01:31"]
[BlackClock "0:00:45"]

1. e4 Nc6 2. Nf3 d6 3. d4 Nf6 4. d5 Nb8 5. Nc3 c6 6. a4 g6 7. Bc4 Bg7 8. h3 O-O 9. O-O b6 10. Re1 Bb7 11. Bf4 a6 12. Qd2 Nbd7 13. Ba2 Rc8 14. Bh6 b5 15. Bxg7 Kxg7 16. axb5 axb5 17. dxc6 Bxc6 18. Nd4 Qb6 19. Nd5 Bxd5 20. exd5 Ne5 21. c3 Rfe8 22. Qg5 Kh8 23. f4 Ned7 24. Kh2 b4 25. Nc6 b3 26. Bb1 Qf2 27. Rxe7 Rxe7 28. Nxe7 Re8 29. Bf5 gxf5 30. Nxf5 Rg8 31. Ra8 1-0


[Site "https://www.chess.com"]

[Event "Titled Tuesday Blitz April 4 Early 2023"]
[White "Yanchenko, Roman"]
[Black "Moroni, Luca Jr"]
[WhiteFideId "4137329"]
[BlackFideId "865834"]
[WhiteElo "2491"]
[BlackElo "2569"]
[Result "1/2-1/2"]
[Round "08"]
[TimeControl "180+2"]
[Date "2023.04.04"]
[WhiteClock "0:00:14"]
[BlackClock "0:00:07"]

1. d4 g6 2. Nf3 Bg7 3. c4 d6 4. Nc3 Nc6 5. e3 e5 6. b3 exd4 7. Nxd4 Nge7 8. Be2 Nxd4 9. exd4 Nf5 10. Bb2 O-O 11. d5 Re8 12. O-O Nd4 13. Bd3 Qg5 14. Ne4 Qh4 15. Re1 Bf5 16. Qb1 Re7 17. Re3 Rae8 18. Ng3 Rxe3 19. fxe3 Nf3+ 20. gxf3 Bxd3 21. Qxd3 Bxb2 22. Rf1 Bg7 23. Kg2 Qf6 24. f4 Qb2+ 25. Rf2 Qc3 26. Qxc3 Bxc3 27. Kf3 f5 28. Re2 Kf7 29. e4 fxe4+ 30. Nxe4 Bf6 31. Ng5+ Bxg5 32. Rxe8 Kxe8 33. fxg5 Kd7 34. h4 c6 35. Ke4 c5 36. a4 Kc7 37. a5 b6 38. Kd3 bxa5 39. Kc3 Kb6 40. Kb2 a4 41. bxa4 Ka6 42. Kb3 Ka5 43. Ka3 Kb6 44. Kb3 Ka5 45. Ka3 Ka6 46. Kb3 Ka5 1/2-1/2


[Site "https://www.chess.com"]

[Event "Titled Tuesday Blitz April 4 Early 2023"]
[White "Bortnyk, Olexandr"]
[Black "Zemlyanskii, Ivan"]
[WhiteFideId "14120828"]
[BlackFideId "24249971"]
[WhiteElo "2734"]
[BlackElo "2419"]
[Result "1-0"]
[Round "08"]
[TimeControl "180+2"]
[Date "2023.04.04"]
[WhiteClock "0:00:14"]
[BlackClock "0:00:01"]

1. d4 d5 2. Nc3 Nf6 3. Bf4 c5 4. e4 Nxe4 5. Nxe4 dxe4 6. dxc5 Qa5+ 7. c3 Qxc5 8. Qa4+ Nc6 9. Qxe4 Bf5 10. Qa4 e6 11. Nf3 Qb6 12. Bb5 a6 13. Bxc6+ Qxc6 14. Qxc6+ bxc6 15. O-O-O c5 16. Ne5 f6 17. Nc4 e5 18. Be3 Be6 19. Na5 Kf7 20. f4 e4 21. Nb7 Rc8 22. Nd8+ Ke7 23. Nxe6 Kxe6 24. c4 Be7 25. Rd5 f5 26. Rhd1 Rhd8 27. Re5+ Kf6 28. Rxd8 Rxd8 29. Bxc5 Bxc5 30. Rxc5 g5 31. Rc6+ Ke7 32. Rc5 Kf6 33. Rc6+ Ke7 34. fxg5 e3 35. Rc5 Ke6 36. Rd5 Rxd5 37. cxd5+ Kxd5 38. Kd1 f4 39. h4 Ke4 40. b4 Kf5 41. a4 Kg4 42. h5 Kg3 43. Ke2 Kxg2 44. g6 hxg6 45. hxg6 f3+ 46. Kxe3 f2 47. g7 f1=Q 48. g8=Q+ Kh3 49. Qh7+ Kg3 50. Qg6+ Kh2 51. Qh5+ Kg3 52. Qe5+ Kh3 53. Qe6+ Kg3 54. Qd6+ Kh3 55. Qd3 Qe1+ 56. Kd4+ Kh4 57. Qe4+ 1-0


[Site "https://www.chess.com"]

[Event "Titled Tuesday Blitz April 4 Early 2023"]
[White "Rakhmatullaev, Almas"]
[Black "Real_OceanStorm"]
[WhiteFideId "14205793"]
[WhiteElo "2221"]
[BlackElo "2810"]
[Result "0-1"]
[Round "08"]
[TimeControl "180+2"]
[Date "2023.04.04"]
[WhiteClock "0:00:05"]
[BlackClock "0:00:05"]

1. e4 c5 2. c3 Nc6 3. d4 cxd4 4. cxd4 d5 5. exd5 Qxd5 6. Nf3 e6 7. Nc3 Qd8 8. Bd3 Be7 9. O-O Nf6 10. Be3 O-O 11. Rc1 b6 12. Ne4 Nb4 13. Nxf6+ Bxf6 14. Be4 Ba6 15. Re1 Nd5 16. Ne5 Bxe5 17. dxe5 Nxe3 18. Rxe3 Qxd1+ 19. Rxd1 Rad8 20. Ree1 Bc4 21. b3 Bd5 22. Bxd5 Rxd5 23. Rxd5 exd5 24. Rd1 Rd8 25. f4 Kf8 26. Kf2 Ke7 27. Ke3 f6 28. Kd4 Rc8 29. Rd2 Ke6 30. exf6 Kxf6 31. Re2 g5 32. fxg5+ Kxg5 33. Kxd5 h5 34. Re5+ Kf4 35. Re2 Rc1 36. Ke6 Rh1 37. g3+ Kf3 38. Rc2 Rg1 39. Kf5 Rd1 40. Rc7 a5 41. Rc6 Rd2 42. Kg5 Rxh2 43. a4 Kxg3 44. Rxb6 h4 45. b4 h3 46. bxa5 Ra2 47. a6 Rxa4 48. Rh6 Ra5+ 49. Kg6 Rxa6+ 50. Kg7 Rxh6 51. Kxh6 h2 0-1


[Site "https://www.chess.com"]

[Event "Titled Tuesday Blitz April 4 Early 2023"]
[White "Samunenkov, Ihor"]
[Black "Durarbayli, Vasif"]
[WhiteFideId "14187086"]
[BlackFideId "13402935"]
[WhiteElo "2457"]
[BlackElo "2551"]
[Result "0-1"]
[Round "08"]
[TimeControl "180+2"]
[Date "2023.04.04"]
[WhiteClock "0:01:08"]
[BlackClock "0:01:15"]

1. d4 Nf6 2. c4 e6 3. Nc3 Bb4 4. e3 O-O 5. Bd2 d6 6. Bd3 e5 7. Nge2 Nc6 8. d5 Ne7 9. e4 Ng6 10. O-O a6 11. a3 Bc5 12. b4 Ba7 13. Kh1 Ng4 14. f3 Nxh2 15. g3 Nxf1 16. Qxf1 f5 17. Qg2 f4 18. gxf4 exf4 19. c5 dxc5 20. bxc5 Bxc5 21. Na4 Bd6 22. Nd4 Ne5 23. Be2 Bd7 24. Nb2 Rf6 0-1


[Site "https://www.chess.com"]

[Event "Titled Tuesday Blitz April 4 Early 2023"]
[White "Papasimakopoulos, Alexandros"]
[Black "Zakhartsov, Vladimir"]
[WhiteFideId "4244125"]
[BlackFideId "4145097"]
[WhiteElo "2359"]
[BlackElo "2497"]
[Result "0-1"]
[Round "08"]
[TimeControl "180+2"]
[Date "2023.04.04"]
[WhiteClock "0:00:02"]
[BlackClock "0:01:11"]

1. d4 Nf6 2. c4 e6 3. Nc3 d5 4. cxd5 exd5 5. Bg5 Nbd7 6. e3 c6 7. Bd3 Bd6 8. Qc2 h6 9. Bh4 O-O 10. Nf3 Re8 11. O-O b6 12. Bg3 Bf8 13. Rab1 Bb7 14. b4 Rc8 15. Ne5 Nxe5 16. Bxe5 Nd7 17. Bg3 b5 18. e4 dxe4 19. Bxe4 Nf6 20. Bf5 Ra8 21. Rfd1 Nd5 22. Nxd5 Qxd5 23. Bg4 a5 24. Bf3 Qd7 25. bxa5 Rxa5 26. Rbc1 Rc8 27. h3 b4 28. Bg4 f5 29. Bf3 Rca8 30. Bxc6 Bxc6 31. Qxc6 Qxc6 32. Rxc6 Rxa2 33. Bd6 Bxd6 34. Rxd6 Rb8 35. Rc6 b3 36. Rcc1 Rc2 37. Rb1 Kf7 38. d5 Ke7 39. d6+ Kd7 40. Rd5 b2 41. Rdd1 Rb6 42. Kh2 Rxd6 43. Re1 Rxf2 44. Re5 Rdd2 45. Kg3 Rxg2+ 46. Kh4 Rd4+ 47. Kh5 Rg5# 0-1


[Site "https://www.chess.com"]

[Event "Titled Tuesday Blitz April 4 Early 2023"]
[White "Csonka, Balazs"]
[Black "Zhigalko, Sergei"]
[WhiteFideId "742910"]
[BlackFideId "13502956"]
[WhiteElo "2404"]
[BlackElo "2626"]
[Result "0-1"]
[Round "08"]
[TimeControl "180+2"]
[Date "2023.04.04"]
[WhiteClock "0:00:08"]
[BlackClock "0:00:04"]

1. d4 Nf6 2. Bf4 d5 3. e3 c5 4. Nf3 Nc6 5. Nbd2 Bg4 6. c3 a6 7. h3 Bxf3 8. Nxf3 e6 9. Bd3 Bd6 10. Bg5 O-O 11. O-O Rc8 12. Qe2 h6 13. Bxf6 Qxf6 14. Rad1 Rfd8 15. Rfe1 g6 16. a3 e5 17. dxe5 Bxe5 18. Bb1 Bc7 19. Ba2 Ne7 20. e4 dxe4 21. Qxe4 Nc6 22. Bd5 Bd6 23. Bxc6 Rxc6 24. Rd2 Bh2+ 25. Kxh2 Rxd2 26. Nxd2 Qd6+ 27. Kg1 Qxd2 28. Re2 Qd1+ 29. Re1 Qd2 30. Re2 Qd6 31. Qe8+ Kg7 32. Qe5+ Qf6 33. f4 Re6 34. Qxf6+ Kxf6 35. Rxe6+ Kxe6 36. Kf2 Kd5 37. Ke3 Kc4 38. Kd2 Kb3 39. Kc1 h5 40. g3 b5 41. Kb1 f6 42. Kc1 g5 43. fxg5 fxg5 44. Kb1 b4 45. cxb4 cxb4 46. axb4 Kxb4 47. Kc2 Kc4 48. Kd2 Kd4 49. Kc2 Ke3 50. Kb3 Kf3 51. Ka4 Kxg3 52. Ka5 Kxh3 53. Kxa6 g4 54. b4 g3 55. b5 g2 56. b6 g1=Q 57. b7 Qa1+ 0-1


[Site "https://www.chess.com"]

[Event "Titled Tuesday Blitz April 4 Early 2023"]
[White "Kozak, Antoni"]
[Black "Narayanan, Srinath"]
[WhiteFideId "21832030"]
[BlackFideId "5018420"]
[WhiteElo "2470"]
[BlackElo "2438"]
[Result "1-0"]
[Round "08"]
[TimeControl "180+2"]
[Date "2023.04.04"]
[WhiteClock "0:01:18"]
[BlackClock "0:01:10"]

1. Nf3 d5 2. e3 Nf6 3. c4 e6 4. b3 b6 5. Bb2 Bb7 6. cxd5 exd5 7. g3 c5 8. Bg2 Nc6 9. O-O Be7 10. d4 O-O 11. Nc3 c4 12. Ne5 cxb3 13. axb3 a5 14. Re1 Nb4 15. Bf1 Rc8 16. Qd2 Ne4 17. Nxe4 Rc2 18. Qd1 dxe4 19. Ba3 Rc7 20. Bc4 Bd6 21. Bxb4 Bxb4 22. Rf1 Bd6 23. Qh5 Qf6 24. Rad1 g6 25. Ng4 Qf3 26. Qg5 h5 27. Qxg6+ Kh8 28. Qxh5+ Kg7 29. Qg5+ Kh8 30. Qh6+ Kg8 31. Nf6+ 1-0


[Site "https://www.chess.com"]

[Event "Titled Tuesday Blitz April 4 Early 2023"]
[White "Xiong, Jeffery"]
[Black "Salemgareev, Tagir"]
[WhiteFideId "2047640"]
[BlackFideId "24199052"]
[WhiteElo "2726"]
[BlackElo "2360"]
[Result "0-1"]
[Round "08"]
[TimeControl "180+2"]
[Date "2023.04.04"]
[WhiteClock "0:01:55"]
[BlackClock "0:00:58"]

1. e4 c5 2. Nf3 Nc6 3. Bb5 g6 4. Bxc6 dxc6 5. d3 Bg7 6. a4 a5 7. O-O Nf6 8. Bd2 O-O 9. h3 c4 10. e5 Nd7 11. d4 b5 12. Nc3 Ba6 13. Re1 b4 14. Ne4 Nb6 15. Qc1 Nd5 16. Bh6 f6 17. Nc5 Bc8 18. Bxg7 Kxg7 19. exf6+ exf6 20. Nd2 c3 21. bxc3 Nxc3 22. Ndb3 Ra7 23. Qe3 Rff7 24. Qd2 Bf5 25. g4 Bc8 26. Re3 f5 27. Rae1 Rae7 28. g5 f4 29. Rxe7 Rxe7 30. Rxe7+ Qxe7 31. Qxf4 Ne2+ 0-1


[Site "https://www.chess.com"]

[Event "Titled Tuesday Blitz April 4 Early 2023"]
[White "Vidit, Santosh Gujrathi"]
[Black "Levitskiy, Andrey"]
[WhiteFideId "5029465"]
[BlackFideId "14132885"]
[WhiteElo "2651"]
[BlackElo "2341"]
[Result "1-0"]
[Round "08"]
[TimeControl "180+2"]
[Date "2023.04.04"]
[WhiteClock "0:01:49"]
[BlackClock "0:00:04"]

1. Nf3 d5 2. g3 Nd7 3. d4 Nb6 4. Bg2 Bf5 5. Nh4 Bg6 6. Nxg6 hxg6 7. e4 dxe4 8. Bxe4 c6 9. c3 e6 10. Nd2 Ne7 11. Qe2 Nf5 12. O-O Be7 13. Bg2 Qd7 14. Nf3 Bf6 15. a4 Nd5 16. a5 Rd8 17. a6 b6 18. h4 Qc7 19. Rd1 O-O 20. Ng5 Rfe8 21. Ne4 Be7 22. h5 gxh5 23. Qxh5 Nf6 24. Nxf6+ Bxf6 25. Bf4 Qc8 26. Be4 g6 27. Qf3 Ne7 28. Kg2 Bg7 29. Rh1 Nd5 30. Be5 c5 31. Bxg7 Kxg7 32. Rh7+ Kxh7 33. Qxf7+ Kh6 34. Qxg6# 1-0


[Site "https://www.chess.com"]

[Event "Titled Tuesday Blitz April 4 Early 2023"]
[White "Lenderman, Aleksandr"]
[Black "Thomforde-Toates, Noah"]
[WhiteFideId "2021285"]
[BlackFideId "30951992"]
[WhiteElo "2607"]
[BlackElo "2689"]
[Result "0-1"]
[Round "08"]
[TimeControl "180+2"]
[Date "2023.04.04"]
[WhiteClock "0:00:14"]
[BlackClock "0:00:10"]

1. Nf3 Nf6 2. b3 g6 3. Bb2 Bg7 4. g3 O-O 5. Bg2 d6 6. d4 Nc6 7. O-O Nd7 8. Qd2 e5 9. dxe5 Ndxe5 10. Nxe5 Nxe5 11. Nc3 Bd7 12. Bxb7 Rb8 13. Bd5 Qc8 14. Rfd1 h5 15. Rab1 h4 16. Bg2 Bh3 17. Nd5 Re8 18. Qg5 Bxg2 19. Kxg2 h3+ 20. Kf1 Qb7 21. f3 c6 22. Nf6+ Bxf6 23. Qxf6 Re6 24. Qf4 Qa6 25. Rxd6 Qxa2 26. Rdd1 Rbe8 27. Qd4 Qa6 28. c4 c5 29. Qf4 Qb7 30. Bc3 Nc6 31. Rd2 Nd4 32. Bxd4 cxd4 33. Kf2 Qb6 34. Kf1 Qb7 35. Rbb2 Qa6 36. Qxd4 Qa1+ 37. Rd1 Qa3 38. Kf2 Qb4 39. e4 a5 40. Qd2 Qb6+ 41. Qe3 Qb4 42. Rbd2 f5 43. Rd8 fxe4 44. fxe4 Qf8+ 45. Qf4 Rxd8 46. Qxf8+ Rxf8+ 47. Ke3 Rfe8 48. Rd4 Rb6 49. Rd3 Reb8 50. Rd5 Rxb3+ 51. Kf4 a4 52. Ra5 a3 53. Kg5 Kf7 54. Ra7+ Ke6 55. Kxg6 Ke5 56. Kg5 Kxe4 57. Kg4 Kd4 58. Kxh3 Kxc4 0-1


[Site "https://www.chess.com"]

[Event "Titled Tuesday Blitz April 4 Early 2023"]
[White "Movahed, Sina"]
[Black "Matinian, Nikita"]
[WhiteFideId "42520835"]
[BlackFideId "24129100"]
[WhiteElo "2225"]
[BlackElo "2422"]
[Result "1-0"]
[Round "08"]
[TimeControl "180+2"]
[Date "2023.04.04"]
[WhiteClock "0:02:17"]
[BlackClock "0:01:18"]

1. Nf3 Nf6 2. g3 g6 3. Bg2 Bg7 4. O-O O-O 5. c4 d6 6. d4 c6 7. Nc3 Bf5 8. Re1 Ne4 9. Bd2 Na6 10. Rc1 Nc7 11. b3 Rc8 12. Nh4 Nxc3 13. Bxc3 Bg4 14. h3 Bd7 15. Qd2 b5 16. e4 bxc4 17. bxc4 Ne6 18. Nf3 Qb6 19. e5 Qa6 20. Bf1 Qb7 21. Rb1 Qc7 22. Ba5 Bh6 23. Qc3 1-0


[Site "https://www.chess.com"]

[Event "Titled Tuesday Blitz April 4 Early 2023"]
[White "Hovhannisyan, Robert"]
[Black "Jessel, Stephen"]
[WhiteFideId "13302507"]
[BlackFideId "628859"]
[WhiteElo "2570"]
[BlackElo "2268"]
[Result "1-0"]
[Round "08"]
[TimeControl "180+2"]
[Date "2023.04.04"]
[WhiteClock "0:00:06"]
[BlackClock "0:00:04"]

1. e4 e6 2. d4 d5 3. Nc3 Nf6 4. Bg5 h6 5. Bxf6 Qxf6 6. a3 Qd8 7. Nf3 Be7 8. Bd3 O-O 9. O-O b6 10. Re1 c6 11. Ne5 Qc7 12. Qh5 Nd7 13. Nxd7 Qxd7 14. Re3 dxe4 15. Rxe4 f5 16. Re2 Qxd4 17. Rae1 Bxa3 18. bxa3 Qxc3 19. Re3 Qf6 20. Bc4 Qf7 21. Qf3 b5 22. Bxb5 Bd7 23. Bxc6 Bxc6 24. Qxc6 Rac8 25. Qxe6 Qxe6 26. Rxe6 Rxc2 27. h4 Ra2 28. Ra6 Rf7 29. g3 Kh7 30. h5 f4 31. g4 f3 32. Ra4 Re2 33. Rd1 Rfe7 34. Rf4 R7e4 35. Rd4 Rxd4 36. Rxd4 Re5 37. Kh2 g6 38. Rd7+ Kg8 39. hxg6 Rg5 40. Kh3 Rxg6 41. Rxa7 Rb6 42. Ra5 Kg7 43. Kg3 Rb3 44. a4 Ra3 45. Ra8 Kh7 46. a5 Kg7 47. a6 Kh7 48. Kf4 Kg7 49. Ke4 Kh7 50. Kf4 Kg7 51. Kg3 Kh7 52. Rf8 Rxa6 53. Rxf3 Kg6 54. Rf5 Ra3+ 55. f3 Rb3 56. Rc5 Ra3 57. Rc6+ Kg7 58. Rc5 Rb3 59. Ra5 Kg6 60. Ra6+ Kg7 61. Ra5 Kg6 62. Rd5 Kg7 63. Kf4 Kg6 64. Rd6+ Kg7 65. Rc6 Ra3 66. Rc5 Kg6 67. Rc4 Kg7 68. Rd4 Kg6 69. Re4 Kg7 70. Kg3 Kg6 71. Re5 Kg7 72. Kg2 Kg6 73. Rd5 Kg7 74. f4 Kg6 75. Rd6+ Kg7 76. f5 Rb3 77. Re6 Ra3 78. Kf2 Rb3 79. Re3 Rb4 80. Kg3 Rb1 81. Re7+ Kg8 82. Re6 Kg7 83. Rg6+ Kh7 84. Ra6 Kg7 85. Ra7+ Kg8 86. Kf4 Rb5 87. f6 Kf8 88. Rh7 Rb4+ 89. Kf5 Rb5+ 90. Ke6 Rb6+ 91. Ke5 Rb5+ 92. Kf4 Rb4+ 93. Kg3 Rb3+ 94. Kh4 Rb1 95. Rxh6 Kf7 96. Kh5 Rh1+ 97. Kg5 Rb1 98. Rh7+ Kg8 99. Rg7+ Kf8 100. Ra7 Rg1 101. Ra8+ Kf7 102. Ra7+ Kf8 103. Kf5 Rf1+ 104. Kg6 Ke8 105. Ra8+ Kd7 106. f7 Ke7 107. Re8+ 1-0


[Site "https://www.chess.com"]

[Event "Titled Tuesday Blitz April 4 Early 2023"]
[White "Drygalov, Andrey"]
[Black "Antal, Gergely"]
[WhiteFideId "24171735"]
[BlackFideId "717312"]
[WhiteElo "2466"]
[BlackElo "2471"]
[Result "0-1"]
[Round "08"]
[TimeControl "180+2"]
[Date "2023.04.04"]
[WhiteClock "0:00:10"]
[BlackClock "0:01:07"]

1. e4 c6 2. d4 d5 3. e5 c5 4. Nf3 Nc6 5. dxc5 Bg4 6. c3 e6 7. Be3 Nge7 8. Nbd2 Nf5 9. Bd4 Nfxd4 10. cxd4 Qa5 11. a3 Bxf3 12. gxf3 Nxd4 13. b4 Qc7 14. f4 Be7 15. Qa4+ Nc6 16. Bh3 O-O 17. Nf3 a5 18. b5 Nb8 19. f5 Nd7 20. Qf4 Bf6 21. O-O Nxe5 22. fxe6 Nxf3+ 23. Qxf3 Bxa1 24. Rxa1 Qe5 25. Rc1 Qg5+ 26. Qg4 Qxc1+ 27. Kg2 Qxc5 28. Qg5 fxe6 29. Bxe6+ Kh8 30. Bf5 d4 0-1


[Site "https://www.chess.com"]

[Event "Titled Tuesday Blitz April 4 Early 2023"]
[White "Costachi, Mihnea"]
[Black "Fishchuk, Vladyslav"]
[WhiteFideId "1217518"]
[BlackFideId "34122117"]
[WhiteElo "2456"]
[BlackElo "2082"]
[Result "1-0"]
[Round "08"]
[TimeControl "180+2"]
[Date "2023.04.04"]
[WhiteClock "0:00:38"]
[BlackClock "0:00:04"]

1. Nf3 d5 2. d4 Nf6 3. c4 e6 4. Nc3 a6 5. cxd5 exd5 6. Bg5 Be6 7. e3 Nbd7 8. Bd3 Bd6 9. O-O c6 10. Bf4 Qc7 11. Qd2 O-O 12. h3 Rfe8 13. Rfe1 Nf8 14. Rac1 Ng6 15. Bxd6 Qxd6 16. Na4 Ne4 17. Qc2 f5 18. Nc5 Rab8 19. b4 Qd8 20. a4 Nh4 21. Qe2 Bc8 22. b5 axb5 23. axb5 b6 24. Nb3 cxb5 25. Bxb5 Nxf3+ 26. Qxf3 Bd7 27. Bd3 Qe7 28. Rc7 Qd6 29. Rec1 Rec8 30. Rxc8+ Rxc8 31. Rxc8+ Bxc8 32. Qd1 Bd7 33. Qc2 Qc6 34. Bxe4 fxe4 35. Qxc6 Bxc6 36. Kf1 Kf7 37. Ke2 Ke6 38. Kd2 Bb5 39. g3 Kd6 40. Kc3 Bc4 41. Nd2 Bd3 42. f4 Kc6 43. Kb4 Be2 44. g4 Bd3 45. g5 g6 46. h4 Be2 47. Nb1 Kd6 48. Nc3 Bc4 49. Nd1 Ke6 50. Nb2 Be2 51. Na4 b5 52. Nc3 Bd3 53. Nxb5 Kf5 54. Nc7 Kg4 55. Nxd5 Kxh4 56. Nf6 Kg3 57. d5 Kf3 58. d6 Kxe3 59. d7 1-0


[Site "https://www.chess.com"]

[Event "Titled Tuesday Blitz April 4 Early 2023"]
[White "Pakleza, Zbigniew"]
[Black "Danielyan, Vahe"]
[WhiteFideId "1119290"]
[BlackFideId "13304828"]
[WhiteElo "2410"]
[BlackElo "2423"]
[Result "0-1"]
[Round "08"]
[TimeControl "180+2"]
[Date "2023.04.04"]
[WhiteClock "0:00:01"]
[BlackClock "0:00:05"]

1. d4 Nf6 2. Nf3 e6 3. Bf4 b6 4. e3 Bb7 5. h3 Be7 6. Nbd2 O-O 7. Bd3 c5 8. c3 d6 9. O-O Nbd7 10. Qe2 Qc7 11. Bh2 Kh8 12. e4 e5 13. dxe5 Nxe5 14. Nxe5 dxe5 15. Nc4 Nd7 16. a4 Rad8 17. Rfd1 f6 18. Ne3 Rfe8 19. Nd5 Bxd5 20. exd5 Bd6 21. Bb5 e4 22. Bxd6 Qxd6 23. a5 Re7 24. axb6 axb6 25. c4 f5 26. Bxd7 Rexd7 27. Ra6 Re8 28. Rda1 Rdd8 29. Ra7 Qf6 30. Rb7 f4 31. Raa7 f3 32. Qe3 Rg8 33. Qxe4 fxg2 34. Qxg2 Qxb2 35. Re7 Rdf8 36. Rab7 Qc1+ 37. Kh2 Qf4+ 38. Qg3 Qd4 39. Kg2 Rf5 40. d6 Rgf8 41. Re2 Qxc4 42. Rbe7 Qd5+ 43. Kg1 Rg5 0-1


[Site "https://www.chess.com"]

[Event "Titled Tuesday Blitz April 4 Early 2023"]
[White "Belov, Alexei"]
[Black "Mahdavi, Reza"]
[WhiteFideId "4128206"]
[BlackFideId "12595926"]
[WhiteElo "2633"]
[BlackElo "2357"]
[Result "1-0"]
[Round "08"]
[TimeControl "180+2"]
[Date "2023.04.04"]
[WhiteClock "0:00:12"]
[BlackClock "0:01:16"]

1. e4 c5 2. Nf3 e6 3. d4 cxd4 4. Nxd4 Nc6 5. Nc3 Qc7 6. Be2 a6 7. O-O Nf6 8. a4 Be7 9. Be3 O-O 10. f4 d6 11. Kh1 Nxd4 12. Qxd4 e5 13. Qd3 exf4 14. Bxf4 Be6 15. Rad1 Rfd8 16. Qg3 Kh8 17. e5 dxe5 18. Bxe5 Qb6 19. Rxd8+ Rxd8 20. Bc7 Qxb2 21. Bxd8 Bxd8 22. Qb8 Qxc3 23. Qxd8+ Ng8 24. Bd3 g6 25. h3 Kg7 26. Qb6 Bd5 27. Rb1 Qc8 28. Qd4+ Nf6 29. Kg1 Bc6 30. Rf1 Qe6 31. a5 h6 32. c4 Qe7 33. c5 Qe6 34. Kh2 h5 35. Bc4 Qe7 36. Qd6 Qxd6+ 37. cxd6 Bd7 38. Re1 Ne8 39. Re7 Nxd6 40. Bxf7 Bc8 41. Rc7 Kf6 42. Bd5 h4 43. g3 hxg3+ 44. Kxg3 Ke5 45. Bf3 g5 46. Bg4 Ne4+ 47. Kg2 Bxg4 48. hxg4 Nd6 49. Kf3 Kd5 50. Rg7 b5 51. axb6 Kc6 52. Rg6 1-0


[Site "https://www.chess.com"]